 Dungeon Sprint DCSS version 0.25-a0-942-g87a53962fc (webtiles) character file.

Game seed: 2120344676206011174, levelgen mode: deterministic

3222 Morrissey the Basher (level 9, -2/64 HPs)
             Began as a Gargoyle Fighter on May 7, 2020.
             Was a High Priest of Makhleb.
             Killed from afar by a rime drake (24 damage)
             ... with a flash freeze
             ... in the Dungeon (Sprint IX: "|||||||||||||||||||||||||||||").
             The game lasted 00:02:08 (692 turns).

Morrissey the Basher (Gargoyle Fighter)              Turns: 692, Time: 00:02:09

Health: -2/64      AC: 24    Str: 23    XL:     9   Next: 98%
Magic:  9/9        EV:  8    Int:  9    God:    Makhleb [*****.]
Gold:   0          SH: 12    Dex: 12    Spells: 8/8 levels left

rFire    . . .     SeeInvis .   a - +2 morningstar (vorpal)
rCold    . . .     Gourm    .   c - +0 kite shield
rNeg     + . .     Faith    .   v - +0 plate armour
rPois    ∞         Spirit   .   (no helmet)
rElec    +         Reflect  .   s - +0 cloak
rCorr    .         Harm     .   r - +0 pair of gloves
MR       .....     NoTele   +   (no boots)
Stlth    ..........             (no amulet)
HPRegen  0.20/turn              t - +3 ring of dexterity
MPRegen  0.11/turn              u - +2 ring of evasion

@: no status effects
A: negative energy resistance 1, electricity resistance, unbreathing,
petrification resistance, rot immunity, AC +6
a: Minor Destruction, Lesser Servant of Makhleb, Major Destruction, Greater
Servant of Makhleb, Renounce Religion


You were in the Dungeon.
You worshipped Makhleb.
Makhleb was extremely pleased with you.
You were not hungry.

You visited 1 branch

Inventory:

Hand Weapons
 a - a +2 vorpal morningstar (weapon)
 q - a +0 flail
Armour
 c - a +0 kite shield (worn)
 r - a +0 pair of gloves (worn)
 s - a +0 cloak (worn)
 v - a +0 plate armour (worn)
Jewellery
 l - an uncursed ring of protection from magic
 t - a +3 ring of dexterity (left hand)
 u - a +2 ring of evasion (right hand)
Wands
 p - a wand of acid (10)
Scrolls
 k - 3 scrolls of blinking
 n - 3 scrolls of remove curse
 o - 2 scrolls of amnesia
 w - 2 scrolls of identify
 x - a scroll of fog
 y - 2 scrolls of enchant weapon
Potions
 d - 2 potions of berserk rage
 e - 5 potions of curing
 g - 2 potions of heal wounds
 h - 2 potions of haste
 i - 4 potions of magic
 j - a potion of brilliance
 m - a potion of invisibility
Comestibles
 b - 5 chunks of flesh
 f - a ration


   Skills:
 + Level 11.4 Fighting
 * Level 13.9 Maces & Flails
 + Level 11.4 Armour
 + Level 11.5 Shields


You had 8 spell levels left.
You didn't know any spells.
Your spell library was empty.

Dungeon Overview and Level Annotations

Branches:
Dungeon (1/1)

Altars:
Cheibriados
Dithmenos
Elyvilon
Fedhas
Gozag
Hepliaklqana
Kikubaaqudgha
Makhleb
Nemelex Xobeh
Okawaru
Qazlal
Ru
Sif Muna
Trog
Uskayaw
Vehumet
Wu Jian
Xom
Yredelemnul
Zin
The Shining One
Beogh
Jiyva
Lugonu


Innate Abilities, Weirdness & Mutations

You are resistant to torment.
Your stone body is resilient. (AC +6)
You are immune to poison.
You resist negative energy. (rN+)
You are resistant to electric shocks. (rElec)
You can survive without breathing.
You are immune to petrification.
You are immune to rotting.


Message History

You are too injured to fight recklessly!
You are too injured to fight recklessly!
You are too injured to fight recklessly!
You are too injured to fight recklessly!
You puncture the komodo dragon!
The komodo dragon is almost dead.
You block the komodo dragon's attack.
You barely miss the komodo dragon.
The komodo dragon is almost dead.
The komodo dragon bites you.
* * * LOW HITPOINT WARNING * * *
You puncture the komodo dragon!
You kill the komodo dragon!
Makhleb accepts your kill.
You can now summon a greater servant of Makhleb.
You impale the rime drake!!
The rime drake is almost dead.
The rime drake breathes ice at you. The flash freeze hits you!!
You die...

▓▓▓▓▓▓▓▓▓▓▓▓▓▓▓▓▓▓▓▓▓▓▓▓▓▓▓▓▓▓▓▓▓
____________________'.....÷....))
▓▓▓▓▓▓▓▓▓▓▓▓▓▓▓▓▓▓▓▓▓▓▓▓▓▓▓▓▓▓▓▓▓
.................................
▓▓▓▓▓▓▓▓▓▓▓▓▓▓▓▓▓▓▓▓▓▓▓▓▓▓▓▓▓▓▓▓▓
...Y.Fk@....).(.....'...
▓▓▓▓▓▓▓▓▓▓▓▓▓▓▓▓▓▓▓▓▓▓▓▓


You could see a yak, a spiny frog and a rime drake.

Vanquished Creatures
  A two-headed ogre (D)
  2 unseen horrors (D)
  A spiny frog (D)
  2 komodo dragons (D)
  A basilisk (D)
  2 water moccasins (D)
  An orc warrior (D)
  A big kobold (D)
  A bullfrog (D)
  A scorpion (D)
  A crimson imp (D)
  A hound (D)
  An orc wizard (D)
  2 adders (D)
  An adder zombie (D)
  A dart slug (D)
  A leopard gecko (D)
  An orc (D)
  A bat zombie (D)
  A goblin (D)
  2 jackals (D)
  A bat (D)
  A kobold (D)
28 creatures vanquished.

Notes
Turn   | Place    | Note
-------+----------+-------------------------------------------
     0 | D        | Morrissey the Gargoyle Fighter began the quest for the Orb.
     0 | D        | Reached XP level 1. HP: 14/14 MP: 1/1
    22 | D        | Reached skill level 3 in Maces & Flails
    25 | D        | Reached XP level 2. HP: 19/20 MP: 2/2
    42 | D        | Noticed a scorpion
    51 | D        | Killed a scorpion
    51 | D        | Reached skill level 4 in Maces & Flails
    51 | D        | Reached XP level 3. HP: 20/25 MP: 3/3
    55 | D        | Reached skill level 5 in Maces & Flails
    57 | D        | Reached skill level 5 in Fighting
    57 | D        | Reached skill level 5 in Armour
    57 | D        | Reached skill level 5 in Shields
    57 | D        | Reached XP level 4. HP: 26/31 MP: 4/4
    65 | D        | Reached skill level 6 in Maces & Flails
    78 | D        | Found a roughly hewn altar of Beogh.
    78 | D        | Found a snail-covered altar of Cheibriados.
    78 | D        | Found a shadowy altar of Dithmenos.
    78 | D        | Found a white marble altar of Elyvilon.
    78 | D        | Found a blossoming altar of Fedhas.
    78 | D        | Found an opulent altar of Gozag.
    79 | D        | Found a hazy altar of Hepliaklqana.
    80 | D        | Found a viscous altar of Jiyva.
    81 | D        | Found an ancient bone altar of Kikubaaqudgha.
    82 | D        | Found a corrupted altar of Lugonu.
    83 | D        | Found a burning altar of Makhleb.
    84 | D        | Found a sparkling altar of Nemelex Xobeh.
    85 | D        | Found an iron altar of Okawaru.
    86 | D        | Found a stormy altar of Qazlal.
    87 | D        | Found a sacrificial altar of Ru.
    88 | D        | Found a shimmering blue altar of Sif Muna.
    89 | D        | Found a bloodstained altar of Trog.
    90 | D        | Found a hide-covered altar of Uskayaw.
    91 | D        | Found a radiant altar of Vehumet.
    92 | D        | Found an ornate altar of the Wu Jian Council.
    95 | D        | Became a worshipper of Makhleb the Destroyer
    98 | D        | Found a shimmering altar of Xom.
    99 | D        | Found a basalt altar of Yredelemnul.
   100 | D        | Found a glowing silver altar of Zin.
   101 | D        | Found a glowing golden altar of the Shining One.
   161 | D        | Noticed an orc warrior
   177 | D        | Killed an orc warrior
   177 | D        | Reached skill level 7 in Maces & Flails
   177 | D        | Reached XP level 5. HP: 10/37 MP: 5/5
   179 | D        | Reached * piety under Makhleb
   216 | D        | Killed an unseen horror
   216 | D        | Reached skill level 10 in Maces & Flails
   216 | D        | Reached XP level 6. HP: 16/45 MP: 6/6
   216 | D        | Reached XP level 7. HP: 18/50 MP: 7/7
   227 | D        | Killed an unseen horror
   227 | D        | Reached ** piety under Makhleb
   227 | D        | Reached skill level 11 in Maces & Flails
   227 | D        | Reached XP level 8. HP: 15/56 MP: 8/8
   453 | D        | Noticed a two-headed ogre
   460 | D        | Reached *** piety under Makhleb
   467 | D        | Killed a two-headed ogre
   467 | D        | Reached skill level 10 in Fighting
   467 | D        | Reached skill level 12 in Maces & Flails
   467 | D        | Reached skill level 10 in Armour
   467 | D        | Reached skill level 10 in Shields
   467 | D        | Reached XP level 9. HP: 39/63 MP: 9/9
   656 | D        | Noticed a komodo dragon
   656 | D        | Noticed a komodo dragon
   656 | D        | Noticed a spiny frog
   659 | D        | Noticed a rime drake
   660 | D        | Reached skill level 13 in Maces & Flails
   662 | D        | Noticed a spiny frog
   669 | D        | Killed a spiny frog
   669 | D        | Reached **** piety under Makhleb
   685 | D        | Killed a komodo dragon
   691 | D        | Killed a komodo dragon
   691 | D        | Reached ***** piety under Makhleb
   692 | D        | Killed from afar by a rime drake

Levels and vault maps discovered:
D:        linesprint [early_d, line_temple, items_1, d_10, items_2, lair_1,
          lair_end, items_3, orc_1, orc_end, items_4, d_15, swamp_1, shoals_1,
          snake_1, spider_1, d_20, vaults_1, items_5, swamp_end, shoals_end,
          snake_end, spider_end, vaults_end, d_27, items_6, zot_1, zot_end,
          crypt_end, forest_end, elf_end, slime_end, tomb_end, abyss_end,
          pan_hell_end]

Skill      XL: |  1  2  3  4  5  6  7  8  9 |
---------------+----------------------------+-----
Maces & Flails | 3 4 5 7 10 11 12 13 | 13.9
Fighting       | 4 5 6 8 9 10 11 | 11.4
Armour         | 4 5 6 8 9 10 11 | 11.4
Shields        | 4 5 6 8 9 10 11 | 11.5

Action                   |  1- 3 |  4- 6 |  7- 9 || total
-------------------------+-------+-------+-------++-------
Melee: Flail             |    36 |     8 |       ||    44
       Morningstar       |       |    49 |    61 ||   110
  Use: Potion            |       |     5 |       ||     5
Armor: Scale mail        |    14 |     1 |       ||    15
       Plate armour      |       |    59 |    23 ||    82
Dodge: Dodged            |    11 |     9 |    13 ||    33
Block: Kite shield       |    19 |    25 |    17 ||    61

Table legend:
 A = Non-vault XP
 B = Vault XP
 C = Vault XP percentage of total XP
 D = Non-vault monster count
 E = Vault monster count
 F = Vault count percentage of total count
                 A         B        C        D         E       F
            +---------+---------+-------+---------+---------+-------
      Total |       0 |    4604 | 100.0 |       0 |      28 | 100.0
            +---------+---------+-------+---------+---------+-------
          D |       0 |    4604 | 100.0 |       0 |      28 | 100.0
            +---------+---------+-------+---------+---------+-------
